 Dungeon Crawl Stone Soup version 0.29.0-4-gdea44cf6ec (webtiles) character file.

Game seed: 11131873739897272985

2293 qw the Grappler (level 9, -2/84 HPs)
             Began as a Troll Cinder Acolyte on Sept 1, 2022.
             Was a Priest of Ignis.
             Slain by an orc warrior
             ... wielding a +0 battleaxe
              (12 damage)
             ... on level 8 of the Dungeon.
             The game lasted 00:02:37 (4886 turns).

qw the Grappler (Troll Cinder Acolyte)              Turns: 4886, Time: 00:02:38

Health: -2/84      AC:  8    Str: 28    XL:     9   Next: 17%
Magic:  9/9        EV: 17    Int: 10    God:    Ignis [***...]
Gold:   435        SH:  0    Dex:  8    Spells: 10/10 levels left

rFire   + . .      SeeInvis .     - Unarmed
rCold   + . .      Faith    .   (no shield)
rNeg    . . .      Spirit   .   a - +0 robe
rPois   .          Reflect  .   (helmet restricted)
rElec   .          Harm     .   m - +0 cloak
rCorr   .          Rampage  .   (gloves unavailable)
Will    .....                   (boots unavailable)
Stlth   +.........              (no amulet)
HPRegen 1.04/turn               q - +4 ring of evasion
MPRegen 0.11/turn               c - ring "Apafop" {*Slow rC+ EV+4 Dex+3 Slay+2}

@: about to teleport, corroded, fiery-armoured
A: large, unfitting armour, claws 3, regeneration 1, shaggy fur 1, tough skin 1
a: Renounce Religion, Fiery Armour, Foxfire Swarm, Rising Flame


You were on level 8 of the Dungeon.
You worshipped Ignis.
Ignis was most pleased with you.
You visited 1 branch of the dungeon, and saw 8 of its levels.

You collected 435 gold pieces.


Innate Abilities, Weirdness & Mutations

You are too large for most types of armour.
You have claws for hands.
Your natural rate of healing is unusually fast.
You are covered in fur. (AC +1)
You have tough skin. (AC +1)


   Skills:
 - Level 4.0 Fighting
 - Level 3.0 Throwing
 - Level 1.0 Dodging
 + Level 11.3 Unarmed Combat
 - Level 1.0 Spellcasting
 - Level 2.1 Fire Magic


You had 10 spell levels left.
You didn't know any spells.
Your spell library contained the following spells:

 Spells                   Type           Power      Damage    Failure   Level
 Scorch                   Fire           8%         2d5       22%         2

Inventory:

Missiles
 i - 17 boomerangs
 o - a silver javelin (quivered)
Armour
 a - a +0 robe (worn)
 m - a +0 cloak (worn)
Jewellery
 c - the ring "Apafop" (right claw) {*Slow rC+ EV+4 Dex+3 Slay+2}
   (You acquired it on level 2 of the Dungeon)

   [ring of evasion]

   EV:        It affects your evasion (+4).
   Dex:       It affects your dexterity (+3).
   Slay:      It affects your accuracy & damage with ranged weapons and melee
   (+2).
   rC:        It protects you from cold.
   *Slow:     It may slow you when you take damage.
 q - a +4 ring of evasion (left claw)
Scrolls
 b - a scroll of teleportation
 e - a scroll of identify
Potions
 g - a potion of might
 h - a potion of resistance
 j - a potion of curing
 k - a potion of haste
 p - a potion of invisibility {unknown}

Dungeon Overview and Level Annotations

Branches:
Dungeon (8/15)             Temple (0/1) D:7
   Lair: D:8-11

Altars:
Hepliaklqana
Okawaru
Sif Muna
Trog


Message History

The orc warrior is moderately wounded.
The howler monkey hoots and howls with incredible vigour!
The orc warrior barely misses you.
You scratch the orc warrior but do no damage.
The orc warrior is moderately wounded.
The orc warrior closely misses you.
An orc comes into view. It is wielding a +2 dagger of draining.
You scratch the orc warrior but do no damage.
The orc warrior is moderately wounded.
The orc warrior misses you.
You mangle the orc warrior!!
The orc warrior is almost dead.
The acid dragon bites you!
The acid dragon is burned by your cloak of flames.
The acid dragon is lightly wounded.
The acid dragon claws you but does no damage.
The acid dragon is burned by your cloak of flames.
The acid dragon is moderately wounded.
The orc warrior misses you.
4884 ||| Stepping ~*~*~tactically~*~*~ (outnumbered).
The acid dragon attacks as you move away!
The acid dragon closely misses you.
The acid dragon claws you but does no damage.
The acid dragon is burned by your cloak of flames.
The acid dragon is heavily wounded.
You see here a scroll of identify.
4885 ||| Stepping ~*~*~tactically~*~*~ (outnumbered).
The orc warrior attacks as you move away!
The orc warrior hits you with a +0 battleaxe!!
The orc warrior is burned by your cloak of flames.
The orc warrior is almost dead.
The howler monkey hoots and howls with incredible vigour!
The acid dragon spits acid at you. The splash of acid hits you!
You hear a shout!
You hear an angry hiss.
4886 ||| READING 2 scrolls of teleportation.
As you read the scroll of teleportation, it crumbles to dust.
You feel strangely unstable.
The orc warrior hits you with a +0 battleaxe!
You die...

.......#
#......##### .
#(.........#
..##(.o........
.............#
.##.....)%...#
...........h.##
........)lD...####
.........#o@.....#
.......###........#
...................
.............##..##
.............# ##
.......##....#
.............##
#..........:..###
...............<#


You could see an orc warrior, a wyvern, an acid dragon, a howler monkey
(catching breath) and an orc.

Vanquished Creatures
  2 steam dragons
  2 ice beasts
  2 black bears
  A sky beast (D:4)
  A bullfrog (D:6)
  9 wights
  4 howler monkeys
  6 hounds
  4 orc priests
  A gnoll bouda (D:7)
  6 iguanas
  5 orc wizards
  9 gnolls
  10 adders
  A white imp (D:6)
  2 ufetubi
  A dart slug (D:4)
  12 orcs
  3 bats
  9 endoplasms
  5 giant cockroaches
  12 goblins
  6 hobgoblins
  7 jackals
  6 kobolds
  6 ball pythons
  3 frilled lizards
  7 rats
142 creatures vanquished.

Vanquished Creatures (others)
  An orc (D:8)
1 creature vanquished.

Grand Total: 143 creatures vanquished

Notes
Turn   | Place    | Note
-------+----------+-------------------------------------------
     0 | D:1      | qw the Troll Cinder Acolyte began the quest for the Orb.
     0 | D:1      | Reached XP level 1. HP: 22/22 MP: 1/1
     0 | D:1      | 0 ||| qw: Version: 0.1-a-97-g2dd2ca4
     0 | D:1      | 0 ||| qw: Game counter: 4726
     0 | D:1      | 0 ||| qw: Always use a shield: true
     0 | D:1      | 0 ||| qw: God list: Okawaru
     0 | D:1      | 0 ||| qw: Allow faded altars: false
     0 | D:1      | 0 ||| qw: Do Orc after D:15 true
     0 | D:1      | 0 ||| qw: Do second Lair branch before Depths: true
     0 | D:1      | 0 ||| qw: Lair rune preference: random
     0 | D:1      | 0 ||| qw: Plans: Normal
     0 | D:1      | 0 ||| PLANNING D:1-11
    75 | D:1      | 75 ||| Stepping ~*~*~tactically~*~*~ (stealth).
    84 | D:1      | 84 ||| Stepping ~*~*~tactically~*~*~ (outnumbered).
    86 | D:1      | 86 ||| Stepping ~*~*~tactically~*~*~ (stealth).
    96 | D:1      | Reached XP level 2. HP: 29/29 MP: 2/2
   161 | D:1      | 161 ||| Stepping ~*~*~tactically~*~*~ (stealth).
   165 | D:1      | 165 ||| Stepping ~*~*~tactically~*~*~ (stealth).
   256 | D:1      | Reached skill level 4 in Unarmed Combat
   385 | D:1      | 385 ||| INVOKING Fiery Armour.
   386 | D:1      | Reached XP level 3. HP: 35/36 MP: 3/3
   692 | D:1      | 692 ||| UPGRADING to +6 ring of strength.
   693 | D:1      | 693 ||| READING scroll labelled ZUF JE YROH.
   698 | D:1      | 698 ||| READING scroll labelled CAC TE ZUHISHYOG.
   818 | D:2      | 818 ||| Stepping ~*~*~tactically~*~*~ (stealth).
  1012 | D:2      | Found a shimmering blue altar of Sif Muna.
  1318 | D:2      | 1318 ||| READING 2 scrolls labelled WUHUAREHOA.
  1319 | D:2      | 1319 ||| READING 3 scrolls labelled JYLUSCH SUETZ.
  1320 | D:2      | 1320 ||| READING scroll labelled ALISTY NYRCHA.
  1320 | D:2      | Identified a scroll of acquirement
  1320 | D:2      | 1320 ||| ACQUIRING ring "Apafop" {*Slow rC+ EV+4 Dex+3
                  | Slay+2}
  1320 | D:2      | Acquired the ring "Apafop" {*Slow rC+ EV+4 Dex+3 Slay+2}
  1322 | D:2      | 1322 ||| UPGRADING to ring "Apafop" {*Slow rC+ EV+4 Dex+3
                  | Slay+2}.
  1323 | D:2      | 1323 ||| DRINKING 2 bubbling green potions.
  1324 | D:2      | 1324 ||| DROPPING 2 scrolls of fog.
  1334 | D:3      | 1334 ||| STAIRDANCE
  1342 | D:3      | 1342 ||| STAIRDANCE
  1459 | D:3      | Reached skill level 5 in Unarmed Combat
  1459 | D:3      | Reached XP level 4. HP: 44/44 MP: 4/4
  1564 | D:3      | 1564 ||| Stepping ~*~*~tactically~*~*~ (stealth).
  1568 | D:3      | 1568 ||| Stepping ~*~*~tactically~*~*~ (stealth).
  1570 | D:3      | 1570 ||| Stepping ~*~*~tactically~*~*~ (stealth).
  1572 | D:3      | 1572 ||| Stepping ~*~*~tactically~*~*~ (stealth).
  1573 | D:3      | 1573 ||| Stepping ~*~*~tactically~*~*~ (stealth).
  1575 | D:3      | 1575 ||| Stepping ~*~*~tactically~*~*~ (stealth).
  1604 | D:3      | 1604 ||| Stepping ~*~*~tactically~*~*~ (stealth).
  1605 | D:3      | 1605 ||| Stepping ~*~*~tactically~*~*~ (stealth).
  1669 | D:3      | Reached skill level 1 in Throwing
  1761 | D:3      | Found an iron altar of Okawaru.
  1808 | D:3      | 1808 ||| READING scroll labelled POTTEL ONATI.
  1809 | D:3      | 1809 ||| READING 2 scrolls of identify.
  1809 | D:3      | 1809 ||| IDENTIFYING green potion
  1817 | D:4      | Noticed a sky beast
  1821 | D:4      | Killed a sky beast
  1822 | D:4      | Reached skill level 6 in Unarmed Combat
  1822 | D:4      | Reached XP level 5. HP: 41/50 MP: 5/5
  1822 | D:4      | 1822 ||| STAIRDANCE
  1949 | D:4      | 1949 ||| Stepping ~*~*~tactically~*~*~ (stealth).
  1975 | D:4      | Reached skill level 1 in Dodging
  2001 | D:4      | Noticed a black bear
  2008 | D:4      | Killed a black bear
  2009 | D:4      | Reached XP level 6. HP: 37/59 MP: 6/6
  2318 | D:4      | 2318 ||| READING 2 scrolls labelled INIFI VAWACS.
  2319 | D:4      | 2319 ||| DRINKING 2 grey potions.
  2320 | D:4      | 2320 ||| READING 3 scrolls of identify.
  2320 | D:4      | 2320 ||| IDENTIFYING fizzy coppery potion
  2321 | D:4      | 2321 ||| DROPPING scroll of vulnerability.
  2359 | D:5      | Entered Level 5 of the Dungeon
  2375 | D:5      | Reached skill level 7 in Unarmed Combat
  2462 | D:5      | 2462 ||| Stepping ~*~*~tactically~*~*~ (stealth).
  2468 | D:5      | 2468 ||| Stepping ~*~*~tactically~*~*~ (stealth).
  2480 | D:5      | 2480 ||| Stepping ~*~*~tactically~*~*~ (hiding).
  2487 | D:5      | 2487 ||| Stepping ~*~*~tactically~*~*~ (stealth).
  2507 | D:5      | Reached XP level 7. HP: 66/66 MP: 7/7
  2532 | D:5      | Found a bloodstained altar of Trog.
  2706 | D:5      | Reached skill level 8 in Unarmed Combat
  2940 | D:5      | 2940 ||| READING 3 scrolls of identify.
  2940 | D:5      | 2940 ||| IDENTIFYING lumpy dark potion
  2941 | D:5      | 2941 ||| DROPPING potion of ambrosia.
  2971 | D:6      | 2971 ||| STAIRDANCE
  2975 | D:5      | Reached skill level 3 in Fighting
  2987 | D:6      | 2987 ||| Stepping ~*~*~tactically~*~*~ (outnumbered).
  2988 | D:6      | 2988 ||| Stepping ~*~*~tactically~*~*~ (outnumbered).
  2989 | D:6      | 2989 ||| Stepping ~*~*~tactically~*~*~ (outnumbered).
  2993 | D:6      | 2993 ||| INVOKING Fiery Armour.
  2998 | D:6      | 2998 ||| Stepping ~*~*~tactically~*~*~ (outnumbered).
  2999 | D:6      | 2999 ||| Stepping ~*~*~tactically~*~*~ (outnumbered).
  3000 | D:6      | 3000 ||| Stepping ~*~*~tactically~*~*~ (outnumbered).
  3001 | D:6      | HP: 12/65 [wight/+0 battleaxe (9)]
  3002 | D:6      | 3002 ||| DRINKING potion of heal wounds.
  3014 | D:6      | Reached skill level 9 in Unarmed Combat
  3014 | D:6      | Reached XP level 8. HP: 26/75 MP: 8/8
  3077 | D:6      | 3077 ||| Stepping ~*~*~tactically~*~*~ (stealth).
  3226 | D:6      | Identified the +11 trident of Impeachment {vamp, rF+}
  3234 | D:6      | Found a hazy altar of Hepliaklqana.
  3400 | D:6      | 3400 ||| Stepping ~*~*~tactically~*~*~ (hiding).
  3516 | D:6      | 3516 ||| Stepping ~*~*~tactically~*~*~ (hiding).
  3521 | D:6      | 3521 ||| Stepping ~*~*~tactically~*~*~ (hiding).
  3531 | D:6      | 3531 ||| Stepping ~*~*~tactically~*~*~ (outnumbered).
  3545 | D:6      | Reached skill level 10 in Unarmed Combat
  3613 | D:6      | 3613 ||| UPGRADING to +0 cloak.
  3618 | D:6      | 3618 ||| DROPPING ring of flight.
  3619 | D:6      | 3619 ||| READING scroll labelled FORIUV ZOCU.
  3620 | D:6      | 3620 ||| READING scroll labelled LUHICHIGUA.
  3621 | D:6      | 3621 ||| READING 3 scrolls of identify.
  3621 | D:6      | 3621 ||| IDENTIFYING orange potion
  3622 | D:6      | 3622 ||| READING 2 scrolls of identify.
  3622 | D:6      | 3622 ||| IDENTIFYING blue potion
  3623 | D:6      | 3623 ||| DROPPING potion of attraction.
  3634 | D:7      | 3634 ||| INVOKING Fiery Armour.
  3637 | D:7      | 3637 ||| Stepping ~*~*~tactically~*~*~ (outnumbered).
  3638 | D:7      | 3638 ||| Stepping ~*~*~tactically~*~*~ (outnumbered).
  3639 | D:7      | 3639 ||| Stepping ~*~*~tactically~*~*~ (outnumbered).
  3732 | D:7      | Reached skill level 3 in Throwing
  4115 | D:7      | 4115 ||| Stepping ~*~*~tactically~*~*~ (hiding).
  4119 | D:7      | 4119 ||| INVOKING Fiery Armour.
  4227 | D:7      | 4227 ||| Stepping ~*~*~tactically~*~*~ (stealth).
  4231 | D:7      | 4231 ||| Stepping ~*~*~tactically~*~*~ (stealth).
  4232 | D:7      | 4232 ||| Stepping ~*~*~tactically~*~*~ (stealth).
  4245 | D:7      | Reached skill level 11 in Unarmed Combat
  4245 | D:7      | Reached XP level 9. HP: 84/84 MP: 9/9
  4431 | D:7      | Found a staircase to the Ecumenical Temple.
  4527 | D:7      | 4527 ||| Stepping ~*~*~tactically~*~*~ (stealth).
  4528 | D:7      | 4528 ||| Stepping ~*~*~tactically~*~*~ (stealth).
  4531 | D:7      | 4531 ||| Stepping ~*~*~tactically~*~*~ (outnumbered).
  4689 | D:7      | 4689 ||| UPGRADING to +4 ring of evasion.
  4691 | D:7      | 4691 ||| DROPPING +6 ring of strength.
  4692 | D:7      | 4692 ||| READING scroll labelled UTARIO WYJA.
  4693 | D:7      | 4693 ||| DRINKING 2 bubbling red potions.
  4797 | D:7      | 4797 ||| READING 2 scrolls of identify.
  4797 | D:7      | 4797 ||| IDENTIFYING glowing golden potion
  4798 | D:7      | 4798 ||| DROPPING potion of flight.
  4799 | D:7      | 4799 ||| DROPPING potion of berserk rage.
  4869 | D:8      | 4869 ||| INVOKING Fiery Armour.
  4884 | D:8      | 4884 ||| Stepping ~*~*~tactically~*~*~ (outnumbered).
  4885 | D:8      | 4885 ||| Stepping ~*~*~tactically~*~*~ (outnumbered).
  4885 | D:8      | HP: 9/84 [acid dragon/splash of acid (17)]
  4886 | D:8      | 4886 ||| READING 2 scrolls of teleportation.
  4886 | D:8      | Slain by an orc warrior

Levels and vault maps discovered:
D:1:      lightli_arrival_quake, layout_loops_ring
D:2:      layout_loops_cross, basic_altar
D:3:      layout_rooms, kennysheep_okawaru_gauntlet, minmay_crystal_water,
          supply_closet_lemuel, hangedman_decor_push
D:4:      layout_cave_pools, kennysheep_cluttered_room
D:5:      layout_rooms, kennysheep_little_box, minmay_manual_moon
D:6:      layout_cave_pools, nicolae_overflow_crystal_walls
D:7:      layout_loops_corners, minmay_temple_entry_nine_rooms,
          minmay_parallelograms
D:8:      layout_cave_pools, st_stairs_6

Skill      XL: |  1  2  3  4  5  6  7  8 |
---------------+-------------------------+-----
Unarmed Combat | 4 5 6 7 9 11 | 11.3
Throwing       | 1 2 3 |  3.0
Dodging        | 1 |  1.0
Fighting       | 3 4 |  4.0
Spellcasting   | |  1.0
Fire Magic     | |  2.1

Action                   |  1- 3 |  4- 6 |  7- 9 || total
-------------------------+-------+-------+-------++-------
Melee: Unarmed           |   114 |    56 |   110 ||   280
       Punch             |       |       |     8 ||     8
Throw: Javelin           |       |    25 |    31 ||    56
       Boomerang         |       |     2 |     8 ||    10
Invok: Fiery Armour      |     1 |       |     4 ||     5
  Use: Scroll            |     5 |     4 |     8 ||    17
       Potion            |     1 |     1 |     2 ||     4
 Stab: Sleeping          |       |     1 |       ||     1
Armor: Robe              |    40 |     9 |    29 ||    78
Dodge: Dodged            |    46 |    24 |    75 ||   145

Table legend:
 A = Non-vault XP
 B = Vault XP
 C = Vault XP percentage of total XP
 D = Non-vault monster count
 E = Vault monster count
 F = Vault count percentage of total count
                 A         B        C        D         E       F
            +---------+---------+-------+---------+---------+-------
      Total |    3171 |     106 |   3.2 |     138 |       4 |   2.8
            +---------+---------+-------+---------+---------+-------
        D:1 |      60 |       0 |   0.0 |      35 |       0 |   0.0
        D:2 |      27 |       0 |   0.0 |      11 |       0 |   0.0
        D:3 |      53 |       0 |   0.0 |      16 |       0 |   0.0
        D:4 |     295 |       0 |   0.0 |      10 |       0 |   0.0
        D:5 |     535 |     106 |  16.5 |      19 |       4 |  17.4
        D:6 |     861 |       0 |   0.0 |      18 |       0 |   0.0
        D:7 |    1131 |       0 |   0.0 |      26 |       0 |   0.0
        D:8 |     209 |       0 |   0.0 |       3 |       0 |   0.0
            +---------+---------+-------+---------+---------+-------
